Description

Bio-Tank Build

Solid TvZ build order by GM Haffey.

For context, Texturace is a 3900 MMR Zerg that had been training with him for about an hour to two hours just on this build order.

Replay - Haffey v Texturace - Golden Wall LE

Build Order

Get SALT Encoding   

  12  0:00  SCV  
  13  0:12  SCV  
  14  0:17  Supply Depot  
  14  0:24  SCV  
  15  0:39  SCV  
  15  0:41  Barracks  
  16  0:44  Refinery  
  16  0:51  SCV  
  17  1:03  SCV  
  18  1:17  SCV  
  19  1:29  Orbital Command  
  19  1:37  Command Center  
  19  1:43  Reaper  
  20  1:49  Supply Depot  
  20  1:55  SCV  
  21  2:07  SCV  
  22  2:14  Factory  
  23  2:19  SCV  
  23  2:23  Barracks Reactor  
  23  2:28  Refinery  
  23  2:31  SCV  
  24  2:39  Barracks  
  24  2:43  SCV  
  25  2:50  Orbital Command  
  25  2:55  SCV  
  26  3:00  Marine x2  
  26  3:02  Factory Tech Lab  
  28  3:07  SCV  
  28  3:11  Command Center  
  29  3:17  SCV x2  
  31  3:30  Barracks Tech Lab  
  31  3:31  SCV x2  
  33  3:36  Refinery  
  33  3:41  Starport  
  33  3:42  Refinery  
  33  3:43  SCV  
  33  3:44  Marine x3  
  33  3:48  Stimpack  
  37  3:50  SCV x2  
  39  3:55  Supply Depot  
  40  4:02  SCV x2  
  40  4:03  Factory Reactor  
  40  4:08  Marine x3  
  44  4:15  SCV x2  
  45  4:17  Viking  
  45  4:23  Orbital Command  
  48  4:27  SCV x2  
  48  4:28  Marine x3  
  48  4:30  Engineering Bay  
  52  4:35  Engineering Bay  
  53  4:43  Supply Depot  
  53  4:44  SCV x2  
  55  4:47  Factory Tech Lab  
  55  4:51  Refinery, SCV  
  56  4:55  Medivac x2  
  56  4:56  Marine x3, SCV  
  62  5:05  SCV  
  65  5:07  Terran Infantry Weapons Level 1  
  65  5:08  Terran Infantry Armor Level 1  
  66  5:14  SCV  
  66  5:15  Marine x2  
  66  5:16  Supply Depot  
  68  5:21  Orbital Command  
  68  5:28  SCV x2  
  69  5:32  Combat Shield  
  69  5:33  Marine x3  
  69  5:34  Siege Tank  
  75  5:42  Barracks x3  
  76  5:47  SCV x2  
  76  5:49  Starport Reactor  
  76  5:53  Marine x3  
  80  6:01  Supply Depot x2  
  80  6:02  Armory  
  80  6:10  Marine x2  
  82  6:13  Siege Tank  
  85  6:23  Marine, SCV x3  
  89  6:27  Barracks x3  
  89  6:28  Marine x4  
  89  6:32  Barracks Reactor x2  
  93  6:35  Medivac x2  
  97  6:40  Supply Depot x2, SCV  
  97  6:45  SCV  
  97  6:46  Supply Depot  
  99  6:50  Marine  
  100  6:55  SCV  
  101  7:02  Siege Tank, SCV x2  
  101  7:03  Refinery, Marine x5  
  101  7:07  Terran Infantry Weapons Level 2, SCV  
  112  7:16  Marine x4  
  112  7:18  Barracks Reactor x3  
  112  7:20  Terran Infantry Armor Level 2  
  112  7:21  Marine  
  112  7:22  SCV x3  
  120  7:25  Supply Depot x2  
  120  7:32  Supply Depot  
  120  7:36  SCV x3  
  123  7:48  Marine x9  
  130  7:53  Medivac x2, Siege Tank  
  138  7:58  SCV  
  138  8:01  Supply Depot x3  
  139  8:05  Marine x4  
  124  8:30  Marine x15  
  124  8:31  Siege Tank  
  113  8:43  Command Center x2  
  113  8:46  Missile Turret x3  
  113  8:48  Marine x12  
  121  8:58  Marine x2  
  121  8:59  Concussive Shells  
  123  9:05  Marine x4  
  127  9:15  Marine x4  
  131  9:19  Liberator x2  
  131  9:28  Marine x4  
  135  9:38  Terran Infantry Armor Level 3, Terran Vehicle And Ship Armor Level 1, Terran Infantry Weapons Level 3  
  140  9:40  Missile Turret x2  
  140  9:43  Thor, Marine x2  
Spawning Tool Build Advisor. Get it on Overwolf

Analysis

If you can nail these Terran timings, you'll easily be able to make your way to at least Diamond as Terran.

Go to:

Details

  • Created by: Texturace
  • Published on: May 15, 2020
  • Modified on: Jun 15, 2020
  • Patch: 4.11.0
  • Difficulty: Medium
Show
View Real Time Build Order
Export as new Build Order

Comments (0)

There are no comments. Be the first!

Create an account to comment!